Calgary Flames vs Toronto Maple Leafs
(R1)
Created - Thursday, March 27, 2025 at 08:00
Goals
|
| Calgary Flames |
0 |
0 |
1 |
1 |
| Toronto Maple Leafs |
1 |
0 |
3 |
4 |
|
Shots
|
| Calgary Flames |
7 |
14 |
6 |
27 |
| Toronto Maple Leafs |
11 |
7 |
12 |
30 |
|
1st period
1. Toronto Maple Leafs , Nicolas Roy 10 (Quinton Byfield 18, Nick Bjugstad 17) at 18:10 (PP)
Penalties :
Aaron Ekblad (TOR) for Slashing (Minor) at 1:43, Jake Middleton (CGY) for High sticking (Double Minor) at 5:27, Matthew Tkachuk (CGY) for Cross-checking (Minor) at 12:05, J.T. Miller (CGY) for High sticking (Minor) at 16:30
2nd period
No Goal
Penalties :
Sebastian Aho (CGY) for Tripping (Minor) at 1:27, Brady Tkachuk (TOR) for High sticking (Double Minor) at 4:09, Aaron Ekblad (TOR) for Holding (Minor) at 6:57, Brady Tkachuk (TOR) for Hooking (Minor) at 16:44
3rd period
2. Toronto Maple Leafs , Quinton Byfield 16 (Nicolas Roy 11, Nick Bjugstad 18) at 0:04
3. Toronto Maple Leafs , Nino Niederreiter 6 (Sam Bennett 10, Wyatt Johnston 16) at 3:38
4. Toronto Maple Leafs , Wyatt Johnston 17 (Sam Bennett 11, Nino Niederreiter 6) at 6:27
5. Calgary Flames , Filip Hronek 1 (Bo Horvat 9, Pavel Zacha 12) at 7:03
Penalties :
J.T. Miller (CGY) for Tripping (Minor) at 3:41, Nic Dowd (CGY) for Interference (Minor) at 8:30
Goalie Stats
Ilya Sorokin (CGY), 26 saves from 30 shots - (0.867), L, 24-11-1, 60:00 minutes
Cam Talbot (TOR), 26 saves from 27 shots - (0.963), W, 12-8-2, 60:00 minutes
Players Stats for Calgary Flames
Player Name G A P +/- PIM S H SB GA TA FO MP PP MP PK MP
------------------------------------------------------------------------------------
Bo Horvat 0 1 1 1 0 3 1 0 0 0 2/7 9:18 0:00 0:00
Cale Makar 0 0 0 0 0 3 0 1 3 1 0/0 24:14 4:27 6:17
Chris Kreider 0 0 0 -2 0 3 1 1 1 1 0/1 21:47 4:22 6:07
Drew Doughty 0 0 0 0 0 0 1 0 0 2 0/0 24:14 4:27 6:17
Filip Hronek 1 0 1 1 0 1 0 0 0 1 0/0 11:12 0:00 0:27
J.T. Miller 0 0 0 -2 4 4 2 0 0 1 15/22 19:49 4:22 4:06
Jake Middleton 0 0 0 1 4 0 0 1 0 1 0/0 10:44 0:00 0:00
Jeremy Lauzon 0 0 0 -3 0 0 3 0 0 0 0/0 24:34 4:18 6:51
Joel Eriksson Ek 0 0 0 0 0 1 0 0 0 0 0/0 15:47 0:00 6:04
Kris Letang 0 0 0 -3 0 2 1 3 0 0 0/0 24:34 4:18 6:51
Mathieu Joseph 0 0 0 -1 0 0 1 0 0 1 0/0 6:31 0:00 0:00
Matthew Tkachuk 0 0 0 -2 2 3 2 0 0 0 0/0 15:42 4:22 0:00
Nic Dowd 0 0 0 -1 2 0 0 0 0 0 0/0 7:04 0:00 0:00
Nicholas Paul 0 0 0 -1 0 0 1 0 0 0 3/8 10:25 0:00 3:53
Oliver Bjorkstrand 0 0 0 1 0 0 0 0 0 0 0/0 9:18 0:00 0:00
Pavel Zacha 0 1 1 1 0 2 0 0 0 0 1/2 16:20 4:23 2:07
Sebastian Aho 0 0 0 0 2 3 2 0 2 1 17/27 20:04 4:23 5:14
Zach Hyman 0 0 0 0 0 2 3 0 0 1 0/2 14:42 4:23 0:06
Players Stats for Toronto Maple Leafs
Player Name G A P +/- PIM S H SB GA TA FO MP PP MP PK MP
------------------------------------------------------------------------------------
Aaron Ekblad 0 0 0 0 4 1 2 1 0 1 0/0 22:31 6:56 2:51
Andrew Mangiapane 0 0 0 0 0 1 0 0 0 0 0/0 6:54 0:00 0:00
Brady Tkachuk 0 0 0 -1 6 3 1 0 0 0 1/5 19:22 6:51 1:25
Brandon Saad 0 0 0 0 0 1 0 0 0 0 0/0 7:44 0:52 0:09
Cody Ceci 0 0 0 0 0 0 2 3 0 2 0/0 24:30 6:17 4:10
Dougie Hamilton 0 0 0 2 0 0 1 1 0 0 0/0 11:03 0:30 0:00
Mario Ferraro 0 0 0 0 0 0 0 3 0 0 0/0 23:52 6:21 3:53
Nick Bjugstad 0 2 2 1 0 2 3 0 0 0 13/22 19:46 5:52 3:34
Nicolas Roy 1 1 2 1 0 3 4 0 1 0 0/1 16:12 5:52 0:00
Nino Niederreiter 1 1 2 2 0 3 1 0 1 0 2/5 12:57 0:22 2:17
Quinton Byfield 1 1 2 1 0 5 1 0 1 0 0/1 16:12 5:52 0:00
Ryan Pulock 0 0 0 0 0 1 1 1 0 1 0/0 25:17 6:56 4:52
Sam Bennett 0 2 2 2 0 3 3 0 1 0 0/0 10:10 0:41 0:00
Scott Laughton 0 0 0 0 0 0 3 0 2 0 0/3 6:54 0:00 0:00
Sean Walker 0 0 0 2 0 0 0 0 0 0 0/0 12:52 0:10 1:43
Tomas Hertl 0 0 0 -1 0 1 1 3 1 1 9/16 21:58 6:51 4:09
Troy Terry 0 0 0 -1 0 4 1 1 2 1 3/9 20:26 6:51 3:34
Wyatt Johnston 1 1 2 2 0 2 0 0 1 0 3/7 11:20 0:41 1:11
3 Stars
1 - Nicolas Roy (TOR)
2 - Nino Niederreiter (TOR)
3 - Wyatt Johnston (TOR)
Power Play
Calgary Flames - 0 on 5 Attempt(s) - 0.00%
Toronto Maple Leafs - 1 on 7 Attempt(s) - 14.29%
Penalty Kill
Calgary Flames - 6 on 7 Attempt(s) - 85.71%
- Score 0 goal in Penalty Kill
Toronto Maple Leafs - 5 on 5 Attempt(s) - 100.00%
- Score 0 goal in Penalty Kill
Team Stat
Calgary Flames - Hits : 18 - Faceoff Wins : 38 - Blocked Shots : 6 - Penalty Minutes : 14
Toronto Maple Leafs - Hits : 24 - Faceoff Wins : 31 - Blocked Shots : 13 - Penalty Minutes : 10
Official
Referees : Carter Sandlak and Kevin Pollock
Linesman : Caleb Apperson and Steve Barton
Game Notes
6:27 of 3rd period - Toronto Maple Leafs goal is going for a video replay. After video review, Goal.
Finance
Level 1 -- Attendance: 6000 (100.00%) -- Ticket Income $564,000
Level 2 -- Attendance: 4945 (98.90%) -- Ticket Income $267,030
Level 3 -- Attendance: 2664 (88.80%) -- Ticket Income $87,912
Level 4 -- Attendance: 4824 (96.48%) -- Ticket Income $101,304
Luxury Box -- Attendance: 972 (97.20%) -- Ticket Income $187,596
Game was played at the Air Canada Centre.
Total Attendance: 19405 (97.03%)
Total Ticket Income: $1,207,842
Other Income: $422,745
Total Income: $1,630,587
Calgary Flames
5 vs 5 Forward
Center Left Wing Right Wing Time % Phy DF OF
1 J.T. Miller Chris Kreider Matthew Tkachuk 30 0 3 2
2 Sebastian Aho Joel Eriksson Ek Zach Hyman 30 0 3 2
3 Bo Horvat Pavel Zacha Oliver Bjorkstrand 25 0 2 3
4 Nicholas Paul Nic Dowd Mathieu Joseph 15 1 2 2
5 vs 5 Defense
Defense Defense Time % Phy DF OF
1 Drew Doughty Cale Makar 35 0 2 3
2 Kris Letang Jeremy Lauzon 35 0 2 3
3 Filip Hronek Jake Middleton 30 1 2 2
4 Drew Doughty Cale Makar 0 1 2 2
PowerPlay Forward
Center Left Wing Right Wing Time % Phy DF OF
1 J.T. Miller Chris Kreider Matthew Tkachuk 50 1 2 2
2 Sebastian Aho Pavel Zacha Zach Hyman 50 1 2 2
PowerPlay Defense
Defense Defense Time % Phy DF OF
1 Drew Doughty Cale Makar 50 1 2 2
2 Kris Letang Jeremy Lauzon 50 1 2 2
Penalty Kill 4 Players Forward
Center Wing Time % Phy DF OF
1 J.T. Miller Chris Kreider 50 1 2 2
2 Sebastian Aho Joel Eriksson Ek 50 1 2 2
Penalty Kill 4 Players Defense
Defense Defense Time % Phy DF OF
1 Drew Doughty Cale Makar 50 1 2 2
2 Kris Letang Jeremy Lauzon 50 1 2 2
Penalty Kill - 3 Players Forward
Forward Time % Phy DF OF
1 J.T. Miller 50 1 2 2
2 Chris Kreider 50 1 2 2
Penalty Kill - 3 Players Defense
Defense Defense Time % Phy DF OF
1 Drew Doughty Cale Makar 50 1 2 2
2 Kris Letang Jeremy Lauzon 50 1 2 2
4 vs 4 Forward
Center Wing Time % Phy DF OF
1 J.T. Miller Chris Kreider 50 1 2 2
2 Sebastian Aho Joel Eriksson Ek 50 1 2 2
4 vs 4 Defense
Defense Defense Time % Phy DF OF
1 Drew Doughty Cale Makar 50 1 2 2
2 Kris Letang Jeremy Lauzon 50 1 2 2
Last Minutes Offensive
Center Left Wing Right Wing Defense Defense
J.T. Miller Chris Kreider Matthew Tkachuk Drew Doughty Cale Makar
Last Minutes Defensive
Center Left Wing Right Wing Defense Defense
J.T. Miller Chris Kreider Matthew Tkachuk Drew Doughty Cale Makar
Goaltenders
Starting : Ilya Sorokin
Backup : Samuel Montembeault
Extra Forwards
Normal : Nic Dowd, Bo Horvat, Nicholas Paul - PP : Nic Dowd, Bo Horvat - PK : Nicholas Paul
Extra Defensemen
Normal : Filip Hronek, Jake Middleton, Kris Letang - PP : Filip Hronek - PK : Jake Middleton, Kris Letang
Penalty Shots
J.T. Miller, Chris Kreider, Sebastian Aho, Joel Eriksson Ek, Bo Horvat
Scratches
None
Toronto Maple Leafs
5 vs 5 Forward
Center Left Wing Right Wing Time % Phy DF OF
1 Tomas Hertl Brady Tkachuk Troy Terry 30 1 2 2
2 Nick Bjugstad Quinton Byfield Nicolas Roy 30 1 2 2
3 Wyatt Johnston Sam Bennett Nino Niederreiter 25 1 2 2
4 Scott Laughton Brandon Saad Andrew Mangiapane 15 1 2 2
5 vs 5 Defense
Defense Defense Time % Phy DF OF
1 Ryan Pulock Aaron Ekblad 30 1 2 2
2 Cody Ceci Mario Ferraro 30 1 2 2
3 Dougie Hamilton Sean Walker 25 1 2 2
4 Ryan Pulock Aaron Ekblad 15 1 2 2
PowerPlay Forward
Center Left Wing Right Wing Time % Phy DF OF
1 Tomas Hertl Brady Tkachuk Troy Terry 50 1 2 2
2 Nick Bjugstad Quinton Byfield Nicolas Roy 50 1 2 2
PowerPlay Defense
Defense Defense Time % Phy DF OF
1 Ryan Pulock Aaron Ekblad 50 1 2 2
2 Cody Ceci Mario Ferraro 50 1 2 2
Penalty Kill 4 Players Forward
Center Wing Time % Phy DF OF
1 Brady Tkachuk Tomas Hertl 50 1 2 2
2 Troy Terry Nick Bjugstad 50 1 2 2
Penalty Kill 4 Players Defense
Defense Defense Time % Phy DF OF
1 Ryan Pulock Aaron Ekblad 50 1 2 2
2 Cody Ceci Mario Ferraro 50 1 2 2
Penalty Kill - 3 Players Forward
Forward Time % Phy DF OF
1 Brady Tkachuk 50 1 2 2
2 Tomas Hertl 50 1 2 2
Penalty Kill - 3 Players Defense
Defense Defense Time % Phy DF OF
1 Ryan Pulock Aaron Ekblad 50 1 2 2
2 Cody Ceci Mario Ferraro 50 1 2 2
4 vs 4 Forward
Center Wing Time % Phy DF OF
1 Brady Tkachuk Tomas Hertl 50 1 2 2
2 Troy Terry Nick Bjugstad 50 1 2 2
4 vs 4 Defense
Defense Defense Time % Phy DF OF
1 Ryan Pulock Aaron Ekblad 50 1 2 2
2 Cody Ceci Mario Ferraro 50 1 2 2
Last Minutes Offensive
Center Left Wing Right Wing Defense Defense
Tomas Hertl Brady Tkachuk Troy Terry Ryan Pulock Aaron Ekblad
Last Minutes Defensive
Center Left Wing Right Wing Defense Defense
Tomas Hertl Brady Tkachuk Troy Terry Ryan Pulock Aaron Ekblad
Goaltenders
Starting : Cam Talbot
Backup : Frederik Andersen
Extra Forwards
Normal : Wyatt Johnston, Sam Bennett, Nino Niederreiter - PP : Wyatt Johnston, Sam Bennett - PK : Nino Niederreiter
Extra Defensemen
Normal : Dougie Hamilton, Sean Walker, Cody Ceci - PP : Dougie Hamilton - PK : Sean Walker, Cody Ceci
Penalty Shots
Brady Tkachuk, Tomas Hertl, Troy Terry, Nick Bjugstad, Wyatt Johnston
Scratches
Bowen Byram (Healthy), Kyle Okposo (Healthy), Warren Foegele (Healthy), Luke Schenn (Healthy), Pierre Engvall (Healthy)
% Time on Ice - Calgary Flames
Lines # - Real PCT - Wanted PCT - Time Play
Normal Forward
1 - 30% - 30% - 11:22
2 - 28% - 30% - 10:29
3 - 25% - 25% - 9:18
4 - 17% - 15% - 6:31
Normal Defense
1 - 36% - 35% - 13:31
2 - 36% - 35% - 13:25
3 - 28% - 30% - 10:44
4 - 0% - 0% - 0:00
PP Forward
1 - 50% - 50% - 4:22
2 - 50% - 50% - 4:23
PP Defense
1 - 51% - 50% - 4:27
2 - 49% - 50% - 4:18
PK Forward
1 - 52% - 50% - 7:02
2 - 48% - 50% - 6:33
PK Defense
1 - 50% - 50% - 6:44
2 - 50% - 50% - 6:51
PK3 Forward
1 - 0% - 50%
2 - 0% - 50%
PK3 Defense
1 - 0% - 50%
2 - 0% - 50%
44 Forward
1 - 0% - 50%
2 - 0% - 50%
44 Defense
1 - 0% - 50%
2 - 0% - 50%
Last Minute Offensive - 0:00
Last Minute Defensive - 0:00
Total
Forward - 60:00
Defense - 60:00
|
% Time on Ice - Toronto Maple Leafs
Lines # - Real PCT - Wanted PCT - Time Play
Normal Forward
1 - 29% - 30% - 11:03
2 - 27% - 30% - 10:20
3 - 25% - 25% - 9:23
4 - 18% - 15% - 6:54
Normal Defense
1 - 29% - 30% - 11:04
2 - 36% - 30% - 13:38
3 - 28% - 25% - 10:33
4 - 6% - 15% - 2:25
PP Forward
1 - 54% - 50% - 7:21
2 - 46% - 50% - 6:14
PP Defense
1 - 52% - 50% - 7:06
2 - 48% - 50% - 6:29
PK Forward
1 - 53% - 50% - 4:00
2 - 47% - 50% - 3:34
PK Defense
1 - 50% - 50% - 3:48
2 - 50% - 50% - 3:46
PK3 Forward
1 - 65% - 50% - 0:46
2 - 35% - 50% - 0:25
PK3 Defense
1 - 90% - 50% - 1:04
2 - 10% - 50% - 0:07
44 Forward
1 - 0% - 50%
2 - 0% - 50%
44 Defense
1 - 0% - 50%
2 - 0% - 50%
Last Minute Offensive - 0:00
Last Minute Defensive - 0:00
Total
Forward - 60:00
Defense - 60:00
|
Play-by-Play
1st period
0:01 of 1st period - Tomas Hertl wins face-off versus J.T. Miller in neutral zone.
0:06 of 1st period - Backhand shot by Brady Tkachuk.
0:06 of 1st period - Stopped by Ilya Sorokin with a rebound.
0:14 of 1st period - Snap shot by J.T. Miller.
0:14 of 1st period - Shot Misses the Net.
0:16 of 1st period - Slapshot by Matthew Tkachuk.
0:16 of 1st period - Stopped by Cam Talbot with a rebound.
1:12 of 1st period - Slapshot by Nicholas Paul.
1:12 of 1st period - Shot Misses the Net.
1:14 of 1st period - Wrist shot by Mathieu Joseph.
1:14 of 1st period - Shot Misses the Net.
1:19 of 1st period - Icing by Aaron Ekblad.
1:20 of 1st period - J.T. Miller wins face-off versus Scott Laughton in Toronto Maple Leafs zone.
1:43 of 1st period - Minor Penalty to Aaron Ekblad for Slashing.
1:44 of 1st period - J.T. Miller wins face-off versus Brady Tkachuk in Toronto Maple Leafs zone.
1:53 of 1st period - Wrist shot by Matthew Tkachuk.
1:53 of 1st period - Deflect By J.T. Miller.
1:53 of 1st period - Shot Misses the Net.
1:53 of 1st period - Puck is out of play.
1:54 of 1st period - J.T. Miller wins face-off versus Brady Tkachuk in Toronto Maple Leafs zone.
1:59 of 1st period - Wrist shot by Matthew Tkachuk.
1:59 of 1st period - Shot Misses the Net.
2:17 of 1st period - Wrist shot by J.T. Miller.
2:17 of 1st period - Shot Misses the Net.
2:19 of 1st period - Wrist shot by Matthew Tkachuk.
2:19 of 1st period - Deflect By Chris Kreider.
2:19 of 1st period - Deflect By Mario Ferraro.
2:19 of 1st period - Stopped by Cam Talbot with a rebound.
2:21 of 1st period - Slapshot by J.T. Miller.
2:21 of 1st period - Stopped by Cam Talbot without a rebound.
2:22 of 1st period - Brady Tkachuk wins face-off versus Sebastian Aho in Toronto Maple Leafs zone.
3:18 of 1st period - Icing by Sebastian Aho.
3:19 of 1st period - Sebastian Aho wins face-off versus Troy Terry in Calgary Flames zone.
3:34 of 1st period - Slapshot by J.T. Miller.
3:34 of 1st period - Shot Misses the Net.
3:43 of 1st period - Penalty to Aaron Ekblad is over, Aaron Ekblad is back on ice.
4:42 of 1st period - Snap shot by Sebastian Aho.
4:42 of 1st period - Stopped by Cam Talbot with a rebound.
5:00 of 1st period - Snap shot by Scott Laughton.
5:00 of 1st period - Deflect By Andrew Mangiapane.
5:00 of 1st period - Shot Misses the Net.
5:00 of 1st period - Puck is out of play.
5:01 of 1st period - Nick Bjugstad wins face-off versus Zach Hyman in Calgary Flames zone.
5:27 of 1st period - Double Minor Penalty to Jake Middleton for High sticking.
5:28 of 1st period - J.T. Miller wins face-off versus Tomas Hertl in Calgary Flames zone.
7:39 of 1st period - Drew Doughty is hit by Nicolas Roy and loses puck.
7:54 of 1st period - Joel Eriksson Ek is hit by Aaron Ekblad.
9:27 of 1st period - Penalty to Jake Middleton is over, Jake Middleton is back on ice.
10:55 of 1st period - Nino Niederreiter is hit by Sebastian Aho and loses puck.
11:27 of 1st period - Bo Horvat is hit by Nicolas Roy and loses puck.
11:50 of 1st period - Kris Letang is hit by Scott Laughton and loses puck.
12:05 of 1st period - Minor Penalty to Matthew Tkachuk for Cross-checking.
12:06 of 1st period - Tomas Hertl wins face-off versus Sebastian Aho in Calgary Flames zone.
12:14 of 1st period - Icing by Brady Tkachuk.
12:15 of 1st period - Tomas Hertl wins face-off versus Sebastian Aho in Toronto Maple Leafs zone.
12:32 of 1st period - Drew Doughty is hit by Tomas Hertl and loses puck.
12:59 of 1st period - Snap shot by Troy Terry.
12:59 of 1st period - Shot Blocked by Kris Letang.
13:01 of 1st period - Snap shot by Brady Tkachuk.
13:01 of 1st period - Deflect By Tomas Hertl.
13:01 of 1st period - Stopped by Ilya Sorokin with a rebound.
13:03 of 1st period - Wrist shot by Tomas Hertl.
13:03 of 1st period - Shot Misses the Net.
13:05 of 1st period - Snap shot by Troy Terry.
13:05 of 1st period - Shot Misses the Net.
13:07 of 1st period - Snap shot by Brady Tkachuk.
13:07 of 1st period - Deflect By Troy Terry.
13:07 of 1st period - Stopped by Ilya Sorokin with a rebound.
13:09 of 1st period - Slapshot by Aaron Ekblad.
13:09 of 1st period - Stopped by Ilya Sorokin without a rebound.
13:10 of 1st period - Sebastian Aho wins face-off versus Nicolas Roy in Calgary Flames zone.
13:25 of 1st period - Slapshot by Quinton Byfield.
13:25 of 1st period - Shot Misses the Net.
14:05 of 1st period - Penalty to Matthew Tkachuk is over, Matthew Tkachuk is back on ice.
14:11 of 1st period - Slapshot by Matthew Tkachuk.
14:11 of 1st period - Shot Misses the Net.
14:19 of 1st period - Snap shot by Sam Bennett.
14:19 of 1st period - Deflect By Joel Eriksson Ek.
14:19 of 1st period - Stopped by Ilya Sorokin without a rebound.
14:20 of 1st period - Wyatt Johnston wins face-off versus Bo Horvat in Calgary Flames zone.
14:21 of 1st period - Backhand shot by Nino Niederreiter.
14:21 of 1st period - Shot Misses the Net.
14:47 of 1st period - Cale Makar is hit by Scott Laughton and loses puck.
15:47 of 1st period - Off-side.
15:48 of 1st period - Pavel Zacha wins face-off versus Wyatt Johnston in neutral zone.
16:03 of 1st period - Snap shot by Nino Niederreiter.
16:03 of 1st period - Stopped by Ilya Sorokin with a rebound.
16:24 of 1st period - Snap shot by Brady Tkachuk.
16:24 of 1st period - Shot Misses the Net.
16:30 of 1st period - Minor Penalty to J.T. Miller for High sticking.
16:31 of 1st period - Nick Bjugstad wins face-off versus Nicholas Paul in Calgary Flames zone.
16:47 of 1st period - Off-side.
16:48 of 1st period - Tomas Hertl wins face-off versus Sebastian Aho in neutral zone.
17:07 of 1st period - Brady Tkachuk is hit by Kris Letang and loses puck.
18:02 of 1st period - Wrist shot by Nick Bjugstad.
18:02 of 1st period - Deflect By Quinton Byfield.
18:02 of 1st period - Stopped by Ilya Sorokin without a rebound.
18:03 of 1st period - Nick Bjugstad wins face-off versus Pavel Zacha in Calgary Flames zone.
18:10 of 1st period - Snap shot by Nicolas Roy.
18:10 of 1st period - Goal by Nicolas Roy - Calgary Flames : 0 - Toronto Maple Leafs : 1.
18:11 of 1st period - J.T. Miller wins face-off versus Nick Bjugstad in neutral zone.
18:19 of 1st period - Wrist shot by Matthew Tkachuk.
18:19 of 1st period - Stopped by Cam Talbot without a rebound.
18:20 of 1st period - Nick Bjugstad wins face-off versus J.T. Miller in Toronto Maple Leafs zone.
18:20 of 1st period - Nick Bjugstad is hit by J.T. Miller.
18:32 of 1st period - Wrist shot by Matthew Tkachuk.
18:32 of 1st period - Shot Misses the Net.
18:34 of 1st period - Snap shot by J.T. Miller.
18:34 of 1st period - Stopped by Cam Talbot with a rebound.
18:46 of 1st period - Wrist shot by Chris Kreider.
18:46 of 1st period - Stopped by Cam Talbot without a rebound.
18:47 of 1st period - Tomas Hertl wins face-off versus Sebastian Aho in Toronto Maple Leafs zone.
18:58 of 1st period - Joel Eriksson Ek is hit by Cody Ceci and loses puck.
19:20 of 1st period - Drew Doughty is hit by Sam Bennett.
19:36 of 1st period - Backhand shot by Nick Bjugstad.
19:36 of 1st period - Shot Misses the Net.
19:38 of 1st period - Snap shot by Quinton Byfield.
19:38 of 1st period - Stopped by Ilya Sorokin without a rebound.
19:39 of 1st period - Sebastian Aho wins face-off versus Nick Bjugstad in Calgary Flames zone.
19:51 of 1st period - Sebastian Aho is hit by Nicolas Roy and loses puck.
19:56 of 1st period - Slapshot by Nick Bjugstad.
19:56 of 1st period - Stopped by Ilya Sorokin with a rebound.
19:58 of 1st period - Wrist shot by Quinton Byfield.
19:58 of 1st period - Stopped by Ilya Sorokin without a rebound.
19:59 of 1st period - J.T. Miller wins face-off versus Brady Tkachuk in Calgary Flames zone.
Goals for this period are 0 for Calgary Flames vs 1 for Toronto Maple Leafs.
Shots for this period are 7 for Calgary Flames vs 11 for Toronto Maple Leafs.
2nd period
0:01 of 2nd period - Sebastian Aho wins face-off versus Tomas Hertl in neutral zone.
0:06 of 2nd period - Snap shot by Zach Hyman.
0:06 of 2nd period - Shot Blocked by Tomas Hertl.
0:08 of 2nd period - Slapshot by Filip Hronek.
0:08 of 2nd period - Shot Blocked by Cody Ceci.
0:10 of 2nd period - Slapshot by Jake Middleton.
0:10 of 2nd period - Shot Blocked by Cody Ceci.
0:26 of 2nd period - Chris Kreider is hit by Nick Bjugstad and loses puck.
0:35 of 2nd period - Wrist shot by J.T. Miller.
0:35 of 2nd period - Stopped by Cam Talbot with a rebound.
1:12 of 2nd period - Slapshot by Cale Makar.
1:12 of 2nd period - Stopped by Cam Talbot without a rebound.
1:13 of 2nd period - Nicholas Paul wins face-off versus Scott Laughton in Toronto Maple Leafs zone.
1:14 of 2nd period - Slapshot by Kris Letang.
1:14 of 2nd period - Shot Misses the Net.
1:24 of 2nd period - Snap shot by Brandon Saad.
1:24 of 2nd period - Stopped by Ilya Sorokin without a rebound.
1:25 of 2nd period - Sebastian Aho wins face-off versus Tomas Hertl in Calgary Flames zone.
1:27 of 2nd period - Minor Penalty to Sebastian Aho for Tripping.
1:28 of 2nd period - Nick Bjugstad wins face-off versus Nicholas Paul in Calgary Flames zone.
1:36 of 2nd period - Wrist shot by Nick Bjugstad.
1:36 of 2nd period - Stopped by Ilya Sorokin without a rebound.
1:37 of 2nd period - Nicholas Paul wins face-off versus Nick Bjugstad in Calgary Flames zone.
1:37 of 2nd period - Nicholas Paul is hit by Aaron Ekblad.
2:09 of 2nd period - Wrist shot by Brady Tkachuk.
2:09 of 2nd period - Shot Blocked by Cale Makar.
2:11 of 2nd period - Backhand shot by Ryan Pulock.
2:11 of 2nd period - Shot Misses the Net.
2:13 of 2nd period - Wrist shot by Tomas Hertl.
2:13 of 2nd period - Shot Misses the Net.
2:15 of 2nd period - Slapshot by Ryan Pulock.
2:15 of 2nd period - Deflect By Tomas Hertl.
2:15 of 2nd period - Shot Misses the Net.
2:15 of 2nd period - Puck is out of play.
2:16 of 2nd period - Tomas Hertl wins face-off versus Nicholas Paul in Calgary Flames zone.
2:53 of 2nd period - Slapshot by Nicolas Roy.
2:53 of 2nd period - Stopped by Ilya Sorokin without a rebound.
2:54 of 2nd period - J.T. Miller wins face-off versus Tomas Hertl in Calgary Flames zone.
2:59 of 2nd period - Slapshot by Chris Kreider.
2:59 of 2nd period - Shot Blocked by Troy Terry.
3:23 of 2nd period - Icing by Mario Ferraro.
3:24 of 2nd period - J.T. Miller wins face-off versus Nick Bjugstad in Toronto Maple Leafs zone.
3:27 of 2nd period - Penalty to Sebastian Aho is over, Sebastian Aho is back on ice.
3:52 of 2nd period - Off-side.
3:53 of 2nd period - Troy Terry wins face-off versus J.T. Miller in neutral zone.
4:00 of 2nd period - Snap shot by Troy Terry.
4:00 of 2nd period - Shot Misses the Net.
4:02 of 2nd period - Snap shot by Tomas Hertl.
4:02 of 2nd period - Shot Blocked by Jake Middleton.
4:09 of 2nd period - Double Minor Penalty to Brady Tkachuk for High sticking.
4:10 of 2nd period - Sebastian Aho wins face-off versus Nino Niederreiter in Toronto Maple Leafs zone.
4:20 of 2nd period - Wrist shot by Sebastian Aho.
4:20 of 2nd period - Deflect By Pavel Zacha.
4:20 of 2nd period - Stopped by Cam Talbot with a rebound.
5:03 of 2nd period - Icing by Sebastian Aho.
5:04 of 2nd period - Sebastian Aho wins face-off versus Troy Terry in Calgary Flames zone.
6:19 of 2nd period - Drew Doughty is hit by Cody Ceci and loses puck.
6:49 of 2nd period - Icing by Drew Doughty.
6:50 of 2nd period - J.T. Miller wins face-off versus Troy Terry in Calgary Flames zone.
6:57 of 2nd period - Minor Penalty to Aaron Ekblad for Holding.
6:58 of 2nd period - Nino Niederreiter wins face-off versus Sebastian Aho in Toronto Maple Leafs zone.
7:18 of 2nd period - Slapshot by Ryan Pulock.
7:18 of 2nd period - Shot Misses the Net.
7:30 of 2nd period - Snap shot by Matthew Tkachuk.
7:30 of 2nd period - Shot Misses the Net.
8:08 of 2nd period - Cody Ceci is hit by Zach Hyman and loses puck.
8:09 of 2nd period - Penalty to Brady Tkachuk is over, Brady Tkachuk is back on ice.
8:31 of 2nd period - Icing by Chris Kreider.
8:32 of 2nd period - J.T. Miller wins face-off versus Brady Tkachuk in Calgary Flames zone.
8:55 of 2nd period - Drew Doughty is hit by Brady Tkachuk.
8:57 of 2nd period - Penalty to Aaron Ekblad is over, Aaron Ekblad is back on ice.
9:17 of 2nd period - Drew Doughty is hit by Sam Bennett.
9:47 of 2nd period - Slapshot by Ryan Pulock.
9:47 of 2nd period - Stopped by Ilya Sorokin without a rebound.
9:48 of 2nd period - Troy Terry wins face-off versus Sebastian Aho in Calgary Flames zone.
9:57 of 2nd period - Tomas Hertl is hit by Zach Hyman and loses puck.
10:19 of 2nd period - Snap shot by J.T. Miller.
10:19 of 2nd period - Shot Misses the Net.
10:21 of 2nd period - Snap shot by Matthew Tkachuk.
10:21 of 2nd period - Shot Misses the Net.
10:39 of 2nd period - Snap shot by Pavel Zacha.
10:39 of 2nd period - Deflect By Bo Horvat.
10:39 of 2nd period - Shot Blocked by Mario Ferraro.
10:39 of 2nd period - Puck is out of play.
10:40 of 2nd period - Nino Niederreiter wins face-off versus Bo Horvat in Toronto Maple Leafs zone.
10:49 of 2nd period - Snap shot by Sam Bennett.
10:49 of 2nd period - Stopped by Ilya Sorokin without a rebound.
10:50 of 2nd period - Sebastian Aho wins face-off versus Tomas Hertl in Calgary Flames zone.
11:30 of 2nd period - Brady Tkachuk is hit by Drew Doughty and loses puck.
11:45 of 2nd period - Snap shot by J.T. Miller.
11:45 of 2nd period - Shot Misses the Net.
11:47 of 2nd period - Snap shot by Matthew Tkachuk.
11:47 of 2nd period - Shot Misses the Net.
11:49 of 2nd period - Slapshot by Kris Letang.
11:49 of 2nd period - Shot Misses the Net.
11:51 of 2nd period - Snap shot by Kris Letang.
11:51 of 2nd period - Deflect By Quinton Byfield.
11:51 of 2nd period - Stopped by Cam Talbot with a rebound.
12:01 of 2nd period - Quinton Byfield is hit by Zach Hyman and loses puck.
13:43 of 2nd period - Wrist shot by Mathieu Joseph.
13:43 of 2nd period - Shot Blocked by Dougie Hamilton.
14:03 of 2nd period - Slapshot by Andrew Mangiapane.
14:03 of 2nd period - Stopped by Ilya Sorokin without a rebound.
14:04 of 2nd period - Tomas Hertl wins face-off versus J.T. Miller in Calgary Flames zone.
14:25 of 2nd period - Ryan Pulock is hit by Matthew Tkachuk and loses puck.
14:53 of 2nd period - Icing by Drew Doughty.
14:54 of 2nd period - Nick Bjugstad wins face-off versus Chris Kreider in Calgary Flames zone.
14:59 of 2nd period - Snap shot by Nicolas Roy.
14:59 of 2nd period - Deflect By Nick Bjugstad.
14:59 of 2nd period - Shot Hit the Post.
14:59 of 2nd period - Puck is out of play.
15:00 of 2nd period - Sebastian Aho wins face-off versus Nick Bjugstad in Calgary Flames zone.
15:00 of 2nd period - Sebastian Aho is hit by Nick Bjugstad.
15:28 of 2nd period - Icing by Sean Walker.
15:29 of 2nd period - Wyatt Johnston wins face-off versus Bo Horvat in Toronto Maple Leafs zone.
15:43 of 2nd period - Nino Niederreiter is hit by Bo Horvat and loses puck.
15:56 of 2nd period - Slapshot by Nino Niederreiter.
15:56 of 2nd period - Stopped by Ilya Sorokin without a rebound.
15:57 of 2nd period - Sebastian Aho wins face-off versus Nick Bjugstad in Calgary Flames zone.
16:04 of 2nd period - Wrist shot by Sebastian Aho.
16:04 of 2nd period - Stopped by Cam Talbot with a rebound.
16:06 of 2nd period - Slapshot by Cale Makar.
16:06 of 2nd period - Stopped by Cam Talbot without a rebound.
16:07 of 2nd period - Nick Bjugstad wins face-off versus Sebastian Aho in Toronto Maple Leafs zone.
16:12 of 2nd period - Snap shot by Joel Eriksson Ek.
16:12 of 2nd period - Stopped by Cam Talbot with a rebound.
16:14 of 2nd period - Snap shot by Joel Eriksson Ek.
16:14 of 2nd period - Deflect By Zach Hyman.
16:14 of 2nd period - Shot Misses the Net.
16:14 of 2nd period - Puck is out of play.
16:15 of 2nd period - Sebastian Aho wins face-off versus Tomas Hertl in Toronto Maple Leafs zone.
16:18 of 2nd period - Snap shot by Zach Hyman.
16:18 of 2nd period - Shot Misses the Net.
16:20 of 2nd period - Snap shot by Kris Letang.
16:20 of 2nd period - Stopped by Cam Talbot without a rebound.
16:21 of 2nd period - Sebastian Aho wins face-off versus Tomas Hertl in Toronto Maple Leafs zone.
16:32 of 2nd period - Wrist shot by Zach Hyman.
16:32 of 2nd period - Shot Blocked by Tomas Hertl.
16:38 of 2nd period - Snap shot by Zach Hyman.
16:38 of 2nd period - Shot Blocked by Ryan Pulock.
16:44 of 2nd period - Minor Penalty to Brady Tkachuk for Hooking.
16:45 of 2nd period - Sebastian Aho wins face-off versus Troy Terry in Toronto Maple Leafs zone.
16:48 of 2nd period - Snap shot by Pavel Zacha.
16:48 of 2nd period - Stopped by Cam Talbot with a rebound.
16:50 of 2nd period - Slapshot by Zach Hyman.
16:50 of 2nd period - Shot Misses the Net.
16:52 of 2nd period - Snap shot by Zach Hyman.
16:52 of 2nd period - Stopped by Cam Talbot without a rebound.
16:53 of 2nd period - Sebastian Aho wins face-off versus Troy Terry in Toronto Maple Leafs zone.
16:54 of 2nd period - Snap shot by Zach Hyman.
16:54 of 2nd period - Stopped by Cam Talbot without a rebound.
16:55 of 2nd period - Sebastian Aho wins face-off versus Troy Terry in Toronto Maple Leafs zone.
17:24 of 2nd period - Off-side.
17:25 of 2nd period - J.T. Miller wins face-off versus Nino Niederreiter in neutral zone.
17:28 of 2nd period - Snap shot by J.T. Miller.
17:28 of 2nd period - Shot Blocked by Mario Ferraro.
17:30 of 2nd period - Snap shot by J.T. Miller.
17:30 of 2nd period - Shot Blocked by Mario Ferraro.
17:34 of 2nd period - Slapshot by Matthew Tkachuk.
17:34 of 2nd period - Stopped by Cam Talbot without a rebound.
17:35 of 2nd period - J.T. Miller wins face-off versus Nino Niederreiter in Toronto Maple Leafs zone.
17:44 of 2nd period - Wrist shot by Chris Kreider.
17:44 of 2nd period - Shot Misses the Net.
18:14 of 2nd period - Slapshot by Chris Kreider.
18:14 of 2nd period - Stopped by Cam Talbot without a rebound.
18:15 of 2nd period - Sebastian Aho wins face-off versus Wyatt Johnston in Toronto Maple Leafs zone.
18:26 of 2nd period - Snap shot by Zach Hyman.
18:26 of 2nd period - Deflect By Ryan Pulock.
18:26 of 2nd period - Shot Blocked by Aaron Ekblad.
18:26 of 2nd period - Puck is out of play.
18:27 of 2nd period - Troy Terry wins face-off versus Sebastian Aho in Toronto Maple Leafs zone.
18:44 of 2nd period - Penalty to Brady Tkachuk is over, Brady Tkachuk is back on ice.
19:33 of 2nd period - Wrist shot by Sebastian Aho.
19:33 of 2nd period - Stopped by Cam Talbot without a rebound.
19:34 of 2nd period - Nick Bjugstad wins face-off versus J.T. Miller in Toronto Maple Leafs zone.
19:59 of 2nd period - Brandon Saad is hit by Nicholas Paul and loses puck.
Goals for this period are 0 for Calgary Flames vs 0 for Toronto Maple Leafs.
Shots for this period are 14 for Calgary Flames vs 7 for Toronto Maple Leafs.
3rd period
0:01 of 3rd period - Nick Bjugstad wins face-off versus J.T. Miller in neutral zone.
0:04 of 3rd period - Wrist shot by Quinton Byfield.
0:04 of 3rd period - Goal by Quinton Byfield - Calgary Flames : 0 - Toronto Maple Leafs : 2.
0:05 of 3rd period - J.T. Miller wins face-off versus Quinton Byfield in neutral zone.
0:40 of 3rd period - Slapshot by Brady Tkachuk.
0:40 of 3rd period - Stopped by Ilya Sorokin with a rebound.
0:42 of 3rd period - Slapshot by Mario Ferraro.
0:42 of 3rd period - Shot Blocked by Kris Letang.
0:44 of 3rd period - Snap shot by Troy Terry.
0:44 of 3rd period - Shot Misses the Net.
0:46 of 3rd period - Snap shot by Troy Terry.
0:46 of 3rd period - Deflect By Brady Tkachuk.
0:46 of 3rd period - Stopped by Ilya Sorokin without a rebound.
0:47 of 3rd period - Bo Horvat wins face-off versus Wyatt Johnston in Calgary Flames zone.
0:58 of 3rd period - Snap shot by Bo Horvat.
0:58 of 3rd period - Stopped by Cam Talbot with a rebound.
1:14 of 3rd period - Matthew Tkachuk is hit by Dougie Hamilton and loses puck.
1:37 of 3rd period - Wrist shot by Joel Eriksson Ek.
1:37 of 3rd period - Shot Misses the Net.
1:53 of 3rd period - Icing by Sebastian Aho.
1:54 of 3rd period - Nicholas Paul wins face-off versus Scott Laughton in Calgary Flames zone.
3:06 of 3rd period - Pavel Zacha is hit by Quinton Byfield and loses puck.
3:21 of 3rd period - Sean Walker is hit by Jeremy Lauzon and loses puck.
3:27 of 3rd period - Icing by Dougie Hamilton.
3:28 of 3rd period - Wyatt Johnston wins face-off versus Nicholas Paul in Toronto Maple Leafs zone.
3:28 of 3rd period - Wyatt Johnston is hit by Jeremy Lauzon.
3:38 of 3rd period - Snap shot by Nino Niederreiter.
3:38 of 3rd period - Goal by Nino Niederreiter - Calgary Flames : 0 - Toronto Maple Leafs : 3.
3:39 of 3rd period - J.T. Miller wins face-off versus Nick Bjugstad in neutral zone.
3:41 of 3rd period - Minor Penalty to J.T. Miller for Tripping.
3:42 of 3rd period - Nick Bjugstad wins face-off versus Nicholas Paul in Calgary Flames zone.
3:56 of 3rd period - Snap shot by Nicolas Roy.
3:56 of 3rd period - Stopped by Ilya Sorokin with a rebound.
5:41 of 3rd period - Penalty to J.T. Miller is over, J.T. Miller is back on ice.
6:21 of 3rd period - Slapshot by Wyatt Johnston.
6:21 of 3rd period - Stopped by Ilya Sorokin with a rebound.
6:23 of 3rd period - Wrist shot by Nino Niederreiter.
6:23 of 3rd period - Shot Blocked by Chris Kreider.
6:25 of 3rd period - Snap shot by Sam Bennett.
6:25 of 3rd period - Stopped by Ilya Sorokin with a rebound.
6:27 of 3rd period - Snap shot by Wyatt Johnston.
6:27 of 3rd period - Toronto Maple Leafs goal is going for a video replay.
6:27 of 3rd period - The goal is good.
6:27 of 3rd period - Goal by Wyatt Johnston - Calgary Flames : 0 - Toronto Maple Leafs : 4.
6:28 of 3rd period - Nick Bjugstad wins face-off versus Zach Hyman in neutral zone.
6:31 of 3rd period - Zach Hyman is hit by Nicolas Roy.
6:52 of 3rd period - Icing by Nick Bjugstad.
6:53 of 3rd period - Tomas Hertl wins face-off versus Bo Horvat in Toronto Maple Leafs zone.
6:59 of 3rd period - Wrist shot by Bo Horvat.
6:59 of 3rd period - Shot Blocked by Cody Ceci.
7:01 of 3rd period - Slapshot by Filip Hronek.
7:01 of 3rd period - Shot Blocked by Tomas Hertl.
7:03 of 3rd period - Slapshot by Filip Hronek.
7:03 of 3rd period - Deflect By Brady Tkachuk.
7:03 of 3rd period - Goal by Filip Hronek - Calgary Flames : 1 - Toronto Maple Leafs : 4.
7:04 of 3rd period - J.T. Miller wins face-off versus Nick Bjugstad in neutral zone.
7:07 of 3rd period - Nick Bjugstad is hit by Chris Kreider and loses puck.
7:30 of 3rd period - Joel Eriksson Ek is hit by Troy Terry and loses puck.
7:37 of 3rd period - Slapshot by Cale Makar.
7:37 of 3rd period - Deflect By Tomas Hertl.
7:37 of 3rd period - Stopped by Cam Talbot with a rebound.
8:01 of 3rd period - Wrist shot by Bo Horvat.
8:01 of 3rd period - Stopped by Cam Talbot with a rebound.
8:03 of 3rd period - Slapshot by Kris Letang.
8:03 of 3rd period - Shot Misses the Net.
8:30 of 3rd period - Minor Penalty to Nic Dowd for Interference.
8:31 of 3rd period - Sebastian Aho wins face-off versus Nick Bjugstad in Calgary Flames zone.
8:43 of 3rd period - Slapshot by Aaron Ekblad.
8:43 of 3rd period - Deflect By Quinton Byfield.
8:43 of 3rd period - Stopped by Ilya Sorokin with a rebound.
10:30 of 3rd period - Penalty to Nic Dowd is over, Nic Dowd is back on ice.
10:41 of 3rd period - Wrist shot by Bo Horvat.
10:41 of 3rd period - Stopped by Cam Talbot without a rebound.
10:42 of 3rd period - Bo Horvat wins face-off versus Wyatt Johnston in Toronto Maple Leafs zone.
11:33 of 3rd period - Sean Walker is hit by Jeremy Lauzon and loses puck.
11:46 of 3rd period - Matthew Tkachuk is hit by Sam Bennett and loses puck.
11:51 of 3rd period - Snap shot by Wyatt Johnston.
11:51 of 3rd period - Shot Blocked by Kris Letang.
11:53 of 3rd period - Snap shot by Mario Ferraro.
11:53 of 3rd period - Shot Misses the Net.
12:42 of 3rd period - Cody Ceci is hit by Mathieu Joseph and loses puck.
13:11 of 3rd period - Wrist shot by Nicholas Paul.
13:11 of 3rd period - Shot Misses the Net.
13:43 of 3rd period - Slapshot by Cale Makar.
13:43 of 3rd period - Deflect By Nicholas Paul.
13:43 of 3rd period - Shot Hit the Post.
13:43 of 3rd period - Puck is out of play.
13:44 of 3rd period - Nick Bjugstad wins face-off versus Sebastian Aho in Toronto Maple Leafs zone.
13:57 of 3rd period - Backhand shot by Nicolas Roy.
13:57 of 3rd period - Shot Misses the Net.
13:59 of 3rd period - Slapshot by Aaron Ekblad.
13:59 of 3rd period - Shot Misses the Net.
14:09 of 3rd period - Jake Middleton is hit by Ryan Pulock and loses puck.
14:35 of 3rd period - Kris Letang is hit by Scott Laughton.
15:01 of 3rd period - Oliver Bjorkstrand is hit by Nick Bjugstad and loses puck.
15:36 of 3rd period - Snap shot by J.T. Miller.
15:36 of 3rd period - Stopped by Cam Talbot with a rebound.
15:57 of 3rd period - Wrist shot by Brandon Saad.
15:57 of 3rd period - Shot Misses the Net.
16:09 of 3rd period - Jeremy Lauzon is hit by Nino Niederreiter and loses puck.
17:51 of 3rd period - Slapshot by Chris Kreider.
17:51 of 3rd period - Deflect By J.T. Miller.
17:51 of 3rd period - Shot Misses the Net.
17:51 of 3rd period - Puck is out of play.
17:52 of 3rd period - Nick Bjugstad wins face-off versus J.T. Miller in Toronto Maple Leafs zone.
17:52 of 3rd period - Nick Bjugstad is hit by J.T. Miller.
18:02 of 3rd period - Backhand shot by Quinton Byfield.
18:02 of 3rd period - Shot Misses the Net.
18:23 of 3rd period - Snap shot by J.T. Miller.
18:23 of 3rd period - Shot Misses the Net.
18:57 of 3rd period - Mario Ferraro is hit by Matthew Tkachuk and loses puck.
19:10 of 3rd period - Mario Ferraro is hit by Sebastian Aho and loses puck.
19:35 of 3rd period - Snap shot by Troy Terry.
19:35 of 3rd period - Stopped by Ilya Sorokin without a rebound.
19:36 of 3rd period - Tomas Hertl wins face-off versus Bo Horvat in Calgary Flames zone.
19:39 of 3rd period - Snap shot by Troy Terry.
19:39 of 3rd period - Shot Misses the Net.
19:45 of 3rd period - Slapshot by Troy Terry.
19:45 of 3rd period - Stopped by Ilya Sorokin with a rebound.
19:47 of 3rd period - Slapshot by Troy Terry.
19:47 of 3rd period - Shot Misses the Net.
19:49 of 3rd period - Snap shot by Troy Terry.
19:49 of 3rd period - Stopped by Ilya Sorokin with a rebound.
19:59 of 3rd period - Slapshot by Brady Tkachuk.
19:59 of 3rd period - Shot Misses the Net.
Goals for this period are 1 for Calgary Flames vs 3 for Toronto Maple Leafs.
Shots for this period are 6 for Calgary Flames vs 12 for Toronto Maple Leafs.
Back to the Top